 Dungeon Crawl Stone Soup version 0.28.0-49-g6dfe1f597d (webtiles) character file.

Game seed: 11475140640420608451

217 issech the Protected (level 5, -2/47 HPs)
             Began as a Gnoll Wanderer on May 17, 2022.
             Slain by an orc warrior
             ... wielding a +0 trident
              (15 damage)
             ... on level 3 of the Dungeon.
             The game lasted 00:18:31 (4468 turns).

issech the Protected (Gnoll Wanderer)               Turns: 4468, Time: 00:18:32

Health: -2/47      AC: 10    Str: 14    XL:     5   Next: 94%
Magic:  9/9        EV: 10    Int:  9    God:
Gold:   94         SH:  0    Dex: 13    Spells: 9/10 levels left

rFire   x . .      SeeInvis .   z - +2 short sword (elec)
rCold   + + .      Faith    .   (no shield)
rNeg    . . .      Spirit   .   d - +2 scale mail
rPois   .          Reflect  .   (no helmet)
rElec   .          Harm     .   (no cloak)
rCorr   .          Rampage  .   (no gloves)
Will    .....                   (no boots)
Stlth   +.........              (no amulet)
HPRegen 0.15/turn               m - ring of protection from cold
MPRegen 0.11/turn               n - ring of ice

@: no status effects
A: fangs 1, strong nose, distributed training
a: no special abilities


You were on level 3 of the Dungeon.
You visited 1 branch of the dungeon, and saw 4 of its levels.

You collected 94 gold pieces.

Inventory:

Hand Weapons
 a - a +0 club
 j - a +0 short sword
 u - a +0 mace
 y - a +0 flail
 z - a +2 short sword of electrocution (weapon)
Missiles
 f - 14 arrows
 i - 76 stones
 w - 2 poisoned darts
Armour
 d - a +2 scale mail (worn)
 v - a +0 ring mail
Jewellery
 m - a ring of protection from cold (left hand)
 n - a ring of ice (right hand)
Scrolls
 b - a scroll of teleportation
 c - a scroll of silence
 e - 6 scrolls of identify {unknown}
 g - 3 scrolls of immolation {unknown}
 l - 3 scrolls of vulnerability {unknown}
 x - a scroll of fog {unknown}
 A - a scroll of enchant armour {unknown}
Potions
 h - a potion of berserk rage {unknown}
 k - a potion of attraction {unknown}
 o - a potion of heal wounds {unknown}
 p - a potion of degeneration {unknown}
 q - 3 potions of curing {unknown}
 r - 2 potions of invisibility {unknown}
 s - a potion of magic {unknown}
 t - a potion of brilliance {unknown}


   Skills:
 + Level 6.7 Fighting
 + Level 1.7 Short Blades
 + Level 1.7 Long Blades
 + Level 1.7 Axes
 + Level 1.7 Maces & Flails
 + Level 1.7 Polearms
 + Level 1.7 Staves
 + Level 1.7 Slings
 + Level 1.7 Bows
 + Level 1.7 Crossbows
 + Level 1.7 Throwing
 + Level 8.7 Armour
 + Level 3.1 Dodging
 + Level 2.9 Stealth
 + Level 1.7 Shields
 + Level 1.7 Unarmed Combat
 + Level 3.3 Spellcasting
 + Level 1.3 Conjurations
 + Level 1.3 Hexes
 + Level 1.3 Summonings
 + Level 1.3 Necromancy
 + Level 1.3 Translocations
 + Level 1.3 Transmutations
 + Level 1.3 Fire Magic
 + Level 1.3 Ice Magic
 + Level 1.3 Air Magic
 + Level 1.3 Earth Magic
 + Level 1.3 Poison Magic
 + Level 1.9 Invocations
 + Level 1.7 Evocations


You had 9 spell levels left.
You knew the following spells:

 Your Spells              Type           Power      Damage    Failure   Level
a - Magic Dart            Conj           12%        1d3       50%         1

Your spell library contained the following spells:

 Spells                   Type           Power      Damage    Failure   Level
 Freeze                   Ice            20%        1d4       50%         1
 Searing Ray              Conj           6%         2d4       63%         2
 Frozen Ramparts          Ice            10%        1d3       86%         3
 Gell's Gravitas          Tloc           3%         N/A       86%         3
 Lesser Beckoning         Tloc           3%         N/A       86%         3
 Teleport Other           Tloc           3%         N/A       86%         3
 Fulminant Prism          Conj/Hex       1%         3d6       99%         4
 Hailstorm                Conj/Ice       5%         3d4       99%         4
 Iskenderun's Battlesphe  Conj           3%         2d6       100%        5
 Iron Shot                Conj/Erth      1%         9d1       100%        6
 Spellforged Servitor     Conj/Summ      1%         N/A       100%        7


Dungeon Overview and Level Annotations

Branches:
Dungeon (4/15)
 Temple: D:4-7

Altars:

Annotations:
D:4 Sigmund


Innate Abilities, Weirdness & Mutations

You have very sharp teeth.
Your uncanny sense of smell can sniff out nearby items.
Your experience applies equally to all skills.


Message History

Found a stone staircase leading down.
i - 76 stones (gained 20)
You pick up a book of Frost and begin reading...
You add the spells Freeze, Frozen Ramparts and Hailstorm to your library.
HP restored.
e - 6 scrolls labelled LESMAO RASCHIU (gained 1)
An orc is nearby!
The orc warrior shouts!
The orc shouts!
You see here a golden potion.
q - 3 golden potions (gained 1)
There is a stone staircase leading up here.
The orc warrior hits you with a +0 trident.
There is a stone staircase leading up here.
You can't go down here!
The orc barely misses you.
The orc warrior hits you with a +0 trident.
You climb upwards.
There is a stone staircase leading down here.
You hit the orc warrior but do no damage.
The orc warrior closely misses you.
You hit the orc warrior but do no damage.
The orc warrior closely misses you.
You hit the orc warrior.
Lightning courses through the orc warrior!
The orc warrior is moderately wounded.
The orc warrior hits you with a +0 trident.
You barely miss the orc warrior.
The orc warrior is moderately wounded.
The orc warrior barely misses you.
You barely miss the orc warrior.
You bite the orc warrior, but do no damage.
The orc warrior is moderately wounded.
The orc warrior hits you with a +0 trident!
You barely miss the orc warrior.
The orc warrior is moderately wounded.
The orc warrior hits you with a +0 trident!
* * * LOW HITPOINT WARNING * * *
The orc warrior hits you from afar with a +0 trident!
You die...

####### #.o...#
#>....# #@....#
#.....# #.....#
#.##.## #.##.#
#####'##.#############
#....................#
#........###########..
#.....................


You could see an orc warrior.

Vanquished Creatures
  A water moccasin skeleton (D:3)
  An orc priest (D:2)
  An orc wizard (D:3)
  3 adders
  A dart slug (D:3)
  6 orcs
  6 ball pythons
  8 endoplasms
  6 goblins
  6 hobgoblins
  7 jackals (D:1)
  3 quokkas
  8 bats
  2 frilled lizards (D:2)
  9 kobolds
  4 rats
72 creatures vanquished.

Notes
Turn   | Place    | Note
-------+----------+-------------------------------------------
     0 | D:1      | issech the Gnoll Wanderer began the quest for the Orb.
     0 | D:1      | issech set off with the following items: a +0 club, a
                  | scroll of teleportation, a scroll of silence, a +2 scale
                  | mail
     0 | D:1      | Reached XP level 1. HP: 23/23 MP: 4/4
   121 | D:1      | Reached XP level 2. HP: 29/29 MP: 5/5
   950 | D:1      | Reached XP level 3. HP: 34/35 MP: 7/7
  1369 | D:2      | Reached skill level 1 in Invocations
  1782 | D:2      | Reached skill level 1 in Short Blades
  1782 | D:2      | Reached skill level 1 in Long Blades
  1782 | D:2      | Reached skill level 1 in Axes
  1782 | D:2      | Reached skill level 1 in Maces & Flails
  1782 | D:2      | Reached skill level 1 in Polearms
  1782 | D:2      | Reached skill level 1 in Staves
  1782 | D:2      | Reached skill level 1 in Slings
  1782 | D:2      | Reached skill level 1 in Bows
  1782 | D:2      | Reached skill level 1 in Crossbows
  1782 | D:2      | Reached skill level 1 in Throwing
  1782 | D:2      | Reached skill level 1 in Shields
  1782 | D:2      | Reached skill level 1 in Unarmed Combat
  1782 | D:2      | Reached skill level 1 in Evocations
  2002 | D:2      | Found a faded altar of an unknown god.
  2233 | D:2      | Reached XP level 4. HP: 41/41 MP: 8/8
  2471 | D:3      | Reached skill level 1 in Conjurations
  2471 | D:3      | Reached skill level 1 in Hexes
  2471 | D:3      | Reached skill level 1 in Summonings
  2471 | D:3      | Reached skill level 1 in Necromancy
  2471 | D:3      | Reached skill level 1 in Translocations
  2471 | D:3      | Reached skill level 1 in Transmutations
  2471 | D:3      | Reached skill level 1 in Fire Magic
  2471 | D:3      | Reached skill level 1 in Ice Magic
  2471 | D:3      | Reached skill level 1 in Air Magic
  2471 | D:3      | Reached skill level 1 in Earth Magic
  2471 | D:3      | Reached skill level 1 in Poison Magic
  2683 | D:3      | Reached XP level 5. HP: 10/47 MP: 9/9
  3713 | D:3      | Learned a level 1 spell: Magic Dart
  3995 | D:4      | Noticed an orc warrior
  4042 | D:4      | Noticed Sigmund
  4468 | D:3      | Slain by an orc warrior

Illustrated notes

Levels and vault maps discovered:
D:1:      elethiomel_arrival_shortcut, layout_basic
D:2:      minmay_wonky_spiral, layout_basic, chequers_ecumenical_altar_grove
D:3:      layout_basic
D:4:      layout_layer_cave, doesnt_xom_only_xom,
          mainiacjoe_overflow_surrounded_room, uniq_sigmund

Skill      XL: |  1  2  3  4  5 |
---------------+----------------+-----
Invocations    | 1 |  1.9
Short Blades   | 1 |  1.7
Long Blades    | 1 |  1.7
Axes           | 1 |  1.7
Maces & Flails | 1 |  1.7
Polearms       | 1 |  1.7
Staves         | 1 |  1.7
Slings         | 1 |  1.7
Bows           | 1 |  1.7
Crossbows      | 1 |  1.7
Throwing       | 1 |  1.7
Shields        | 1 |  1.7
Unarmed Combat | 1 |  1.7
Evocations     | 1 |  1.7
Spellcasting   | 3 |  3.3
Conjurations   | 1 |  1.3
Hexes          | 1 |  1.3
Summonings     | 1 |  1.3
Necromancy     | 1 |  1.3
Translocations | 1 |  1.3
Transmutations | 1 |  1.3
Fire Magic     | 1 |  1.3
Ice Magic      | 1 |  1.3
Air Magic      | 1 |  1.3
Earth Magic    | 1 |  1.3
Poison Magic   | 1 |  1.3
Dodging        | 3 |  3.1
Fighting       | |  6.7
Armour         | |  8.7
Stealth        | |  2.9

Action                   |  1- 3 |  4- 6 || total
-------------------------+-------+-------++-------
Melee: Club              |   133 |       ||   133
       Bite              |    10 |    14 ||    24
       Punch             |     3 |     1 ||     4
       Short sword       |    76 |   126 ||   202
       Flail             |       |    12 ||    12
Throw: Stone             |     2 |       ||     2
 Cast: Magic Dart        |       |     1 ||     1
Armor: Scale mail        |   149 |    83 ||   232
Dodge: Dodged            |   184 |    81 ||   265
